AoeStats
← Amon-Ra

Four Lakes

509975987Analyzed
1v1 RM · 3d ago on Sep 28, 2026· 39m 12s· 2 players
Game mode
Random Map
Map size
Tiny (2 player)
Population
200
Speed
Normal
Resources
Standard
Victory
Conquest
Starting age
Dark Age
Ending age
Imperial Age
RankedLock teamsTeams togetherTeam positionsShared explorationLock speedFull tech treeHidden civsTurbo modeCheats
Victory
Defeat
🇪🇸 Byzantines · Spain
923
+15
🇪🇸 Poles · Spain
906
-15
lanto89w
7:07 Loom
11:41 Feudal Age
13:06 Double-Bit Axe
16:48 Bloodlines
16:32 Horse Collar
20:55 Castle Age
23:02 Wheelbarrow
22:12 Fishing Lines
23:07 Stone Mining
23:25 Town Watch
26:48 Gold Mining
26:36 Light Cavalry
27:16 Husbandry
28:17 Town Patrol
30:05 Hand Cart
30:43 Scale Barding Armor
30:39 Scale Mail Armor
30:50 Forging
38:40 Imperial Age
36:27 Padded Archer Armor
35:53 Elite Skirmisher
39:51 Conscription
Amon-Ra
10:32 Loom
14:22 Feudal Age
14:54 Fishing Lines
15:24 Double-Bit Axe
16:40 Scale Barding Armor
17:36 Forging
22:27 Scale Mail Armor
25:02 Castle Age
24:03 Gold Mining
24:03 Stone Mining
24:55 Wheelbarrow
26:36 Husbandry
27:01 Chain Barding Armor
27:27 Pikeman
28:09 Squires
28:52 Gillnets
29:27 Fletching
30:13 Iron Casting
30:43 Greek Fire
36:11 Imperial Age
39:06 Plate Barding Armor
Connection lost

Rejoining the realm…

Still unreachable

The connection could not be restored.

Session expired

The server has moved on; the page needs a fresh start.